 Dungeon Crawl Stone Soup version 0.17-a0-1718-g72dbe4d (webtiles) character file.

115139 kae the Minotaur Blade (level 16, 0/146 HPs)
             Began as a Minotaur Fighter on Aug 25, 2015.
             Was the Champion of Qazlal.
             Killed from afar by a deep elf sorcerer (19 damage)
             ... with a bolt of acid
             ... on level 1 of the Elven Halls.
             The game lasted 00:49:56 (27214 turns).

kae the Minotaur Blade (Minotaur Fighter)          Turns: 27214, Time: 00:49:56

Health: 0/146      AC: 22    Str: 28    XL:     16   Next: 17%
Magic:  25/25      EV:  8    Int: 10    God:    Qazlal [******]
Gold:   1220       SH:  8    Dex: 11    Spells: 0 memorised, 15 levels left

rFire  + + .     SeeInvis +     H - +10 triple sword "Minotaur's Foe" {flame, rF+ rN+ MR+ Str+3}
rCold  . . .     Clarity  .     p - +3 plate armour {rPois}
rNeg   + . .     SustAt   .     (no shield)
rPois  +         Gourm    .     (helmet restricted)
rElec  .         Spirit   .     P - +0 cloak
rCorr  .         Warding  .     (no gloves)
rMut   .         Stasis   .     q - +0 pair of boots
MR     ++...                    E - amulet of regeneration
Stlth  ..........               X - ring of Inuaf {rF+ Int+3 SInv Stlth+}
                                F - +5 ring of slaying

@: repel missiles, very resistant to hostile enchantments, extremely unstealthy
A: retaliatory headbutt, horns 2
a: Upheaval, Elemental Force, Disaster Area, Renounce Religion


You were on level 1 of the Elven Halls.
You worshipped Qazlal.
Qazlal was exalted by your worship.
You were not hungry.

You visited 5 branches of the dungeon, and saw 29 of its levels.
You also visited: Sewer.

You collected 3323 gold pieces.
You spent 2103 gold pieces at shops.

Inventory:

Hand weapons
 H - the +10 triple sword "Minotaur's Foe" (weapon) {flame, rF+ rN+ MR+ Str+3}
   (You bought it in a shop on level 4 of the Orcish Mines)

   It has been specially enchanted to burn those struck by it, causing extra
   injury to most foes and up to half again as much damage against particularly
   susceptible opponents.
   Big, fiery blades are also staple armaments of hydra-hunters.
   It affects your strength (+3).
   It protects you from fire.
   It protects you from negative energy.
   It affects your resistance to hostile enchantments.
Armour
 d - a +2 chain mail of fire resistance
 p - a +3 plate armour of poison resistance (worn)
 q - a +0 pair of boots (worn)
 P - a +0 cloak (worn)
Jewellery
 f - an uncursed ring of protection from fire
 n - an uncursed ring of sustain attributes
 y - a +3 ring of evasion {unknown}
 A - an uncursed ring of positive energy
 E - an amulet of regeneration (around neck)
 F - a +5 ring of slaying (left hand)
 X - the ring of Inuaf (right hand) {rF+ Int+3 SInv Stlth+}
   (You bought it in a shop on level 1 of the Orcish Mines)

   [ring of intelligence]

   It affects your intelligence (+3).
   It protects you from fire.
   It lets you see invisible.
   It makes you more stealthy.
Magical devices
 a - a wand of random effects (16)
 h - a wand of polymorph (15)
 s - a wand of polymorph (9)
 w - a wand of invisibility (6)
 x - a wand of paralysis (20)
 I - a wand of teleportation (9)
 Z - a wand of heal wounds (6)
Scrolls
 b - 3 scrolls of vulnerability {unknown}
 g - 5 scrolls of amnesia
 k - 9 scrolls of remove curse
 l - a scroll of blinking
 m - 14 scrolls of teleportation
 r - a scroll of magic mapping
 v - 12 scrolls of identify
 C - a scroll of fear
 L - 4 scrolls of recharging
 N - a scroll of enchant weapon
 O - a scroll of fog
 S - 5 scrolls of enchant armour
Potions
 c - 2 potions of agility
 e - 7 potions of curing
 i - 3 potions of heal wounds
 j - 2 potions of lignification
 t - 2 potions of invisibility
 u - 5 potions of flight
 B - 2 potions of might
 Q - 3 potions of resistance
 R - 3 potions of haste
 U - 4 potions of cancellation
Books
 o - a book of Frost

   Spells                             Type                      Level
   a - Freeze                         Ice                          1
   b - Throw Frost                    Conjuration/Ice              2
   c - Ozocubu's Armour               Charms/Ice                   3
   d - Throw Icicle                   Conjuration/Ice              4
   e - Summon Ice Beast               Ice/Summoning                4
   f - Condensation Shield            Ice                          4
Comestibles
 z - 19 bread rations


   Skills:
 - Level 14.2 Fighting
 + Level 21.2 Long Blades
 - Level 14.0 Armour
   Level 3.6 Shields
 - Level 14.4 Invocations


You had 15 spell levels left.
You didn't know any spells.

Dungeon Overview and Level Annotations

Branches:
Dungeon (15/15)            Temple (1/1) D:5            Lair (8/8) D:10
  Swamp (0/4) Lair:6        Snake (0/4) Lair:6        Slime (0/6) Lair:6
    Orc (4/4) D:11            Elf (1/3) Orc:4        Vaults (0/5) D:14
 Depths (0/5) D:15

Altars:
Ashenzari
Cheibriados
Dithmenos
Elyvilon
Fedhas
Gozag
Kikubaaqudgha
Makhleb
Nemelex Xobeh
Okawaru
Qazlal
Ru
Sif Muna
Trog
Vehumet
Xom
Yredelemnul
Zin
The Shining One
Beogh

Shops:
D:7 :   D:8 }   Orc:1 *(==%   Orc:4 ?}([   Elf:1 %


Innate Abilities, Weirdness & Mutations

You reflexively headbutt those who attack you in melee.
You have a pair of horns on your head.


Message History

Unknown command.
Unknown command.
Unknown command.
There is an open door here.
Unknown command.
Read which item? (? for menu, Esc to quit)
As you read the scroll of fear, it crumbles to dust.
You assume a fearsome visage.
The deep elf conjurer resists with almost no effort.
The deep elf conjurer looks frightened!
The deep elf sorcerer looks frightened!
The deep elf conjurer looks frightened! x2
The deep elf sorcerer gestures at you while chanting.
You resist with almost no effort.
Cornered, the deep elf sorcerer turns to fight!
The deep elf sorcerer gestures at you while chanting.
You resist with almost no effort.
You see here a rapier.
The deep elf sorcerer casts a spell at you.
The bolt of acid hits you!
You die...

..#...$.#+
.........##
..........#
##+####
..........#
#}....#
......§.§.#
#.....#
.#....)e.#
#.....#
.ee...)§'##
#∩.<..#
......)##)##
#.....#
..###+#
##@##
###'### .
##.## #.#
##.## #.#
##.## #.#
##.## #.#
##)####'##
##'.....#
##....(##
#.....(.#


You could see a deep elf sorcerer.

Vanquished Creatures
  Saint Roka (Orc:4)
  Rupert (D:12)
  Louise (D:14)
  An orc warlord (Orc:2)
  Snorg (Orc:1)
  Josephine (Orc:3)
  A vault guard (D:14)
  6 hydras
  Harold (Lair:4)
  Erolcha (D:8)
  5 centaur warriors
  Erica (Orc:1)
  5 catoblepae
  An ogre mage (D:14)
  3 tengu warriors
  An orc high priest (Orc:3)
  23 death yaks
  An unseen horror (D:11)
  A deep elf summoner (Elf:1)
  A sea snake (shapeshifter) (D:15)
  A giant orange brain (D:15)
  5 deep elf conjurers (Elf:1)
  A wolf spider zombie (D:15)
  3 hill giants
  An orc sorcerer (Orc:4)
  3 griffons
  2 manticores (D:11)
  7 cyclopes
  8 ugly things
  An octopode (shapeshifter) (D:14)
  11 elephants
  2 black mambas
  3 centaur zombies
  11 spiny frogs
  Joseph (D:9)
  A gargoyle (D:13)
  An efreet (D:15)
  5 kobold demonologists
  5 fire drakes
  2 deep elf priests (Elf:1)
  A harpy zombie (D:15)
  3 tengu conjurers
  The ghost of nago the Ruffian, an average TrTm of the Shining One (D:4)
  5 trolls
  A polar bear (Lair:2)
  Grinder (D:6)
  Prince Ribbit (D:7)
  3 slime creatures (D:15)
  A hornet zombie (D:15)
  4 two-headed ogres
  20 blink frogs
  2 shadows
  5 deep elf magi
  6 wraiths
  2 basilisks
  3 deep elf fighters (Elf:1)
  3 wyverns
  55 yaks
  A human (D:7)
  6 wargs
  27 wolves
  Menkaure (D:7)
  A steam dragon (shapeshifter) (D:14)
  A soldier ant (shapeshifter) (D:15)
  8 hippogriffs
  4 hungry ghosts
  Edmund (D:4)
  A mottled dragon (D:11)
  10 vampire mosquitoes
  4 swamp worms (Lair:6)
  A naga (shapeshifter) (D:15)
  A soldier ant (D:11)
  A naga (Lair:6)
  12 water moccasins
  6 porcupines
  2 ice beasts
  42 orc warriors
  A necrophage (D:9)
  19 ogres
  4 sky beasts
  5 phantoms
  5 black bears
  A tengu (shapeshifter) (D:15)
  A wasp (D:11)
  18 centaurs
  9 crocodiles
  5 big kobolds
  Blork the orc (D:6)
  23 giant frogs
  A wyvern zombie (D:15)
  5 scorpions
  2 troll zombies (D:11)
  25 killer bees
  4 electric eels
  21 wights
  7 crimson imps
  44 orc wizards
  8 hounds
  28 orc priests
  5 centaur skeletons
  2 hell rats (Lair:3)
  2 jellies
  10 iguanas
  A siren (Sewer)
  11 worker ants
  A merfolk avatar (Sewer)
  30 sheep
  4 ogre zombies (D:11)
  2 hound skeletons
  10 gnolls
  50 river rats
  17 adders
  3 shadow imps
  3 oozes
  An adder skeleton (D:7)
  An adder zombie (D:5)
  7 worms
  10 giant geckos
  223 orcs
  6 ball pythons
  5 bats
  13 giant cockroaches
  3 goblins (D:1)
  4 hobgoblins
  14 jackals
  3 quokkas
  A giant gecko skeleton (D:4)
  A giant gecko zombie (D:5)
  8 giant newts
  A goblin skeleton (D:11)
  3 goblin zombies (D:11)
  A jackal skeleton (D:5)
  18 kobolds
  3 orc skeletons (D:11)
  12 orc zombies (D:11)
  A quokka skeleton (D:7)
  2 quokka zombies
  34 rats
  4 bushes
  50 fungi
  43 plants
1238 creatures vanquished.

Vanquished Creatures (others)
  A komodo dragon (D:11)
  6 fungi
  4 plants
11 creatures vanquished.

Grand Total: 1249 creatures vanquished

Notes
Turn   | Place    | Note
--------------------------------------------------------------
     0 | D:1      | kae the Minotaur Fighter began the quest for the Orb.
     0 | D:1      | Reached XP level 1. HP: 19/19 MP: 0/0
    49 | D:1      | Reached XP level 2. HP: 24/26 MP: 1/1
   164 | D:1      | Reached skill level 4 in Long Blades
   252 | D:1      | Reached XP level 3. HP: 26/31 MP: 2/2
   845 | D:2      | Reached skill level 5 in Long Blades
  1000 | D:2      | Reached XP level 4. HP: 31/39 MP: 3/3
  1500 | D:3      | Reached skill level 6 in Long Blades
  1603 | D:3      | Reached XP level 5. HP: 27/45 MP: 4/4
  1885 | D:3      | Reached skill level 7 in Long Blades
  1998 | D:3      | Found a burning altar of Makhleb.
  2304 | D:4      | Reached XP level 6. HP: 49/51 MP: 5/5
  2318 | D:4      | Found a glowing drain.
  2350 | Sewer    | Entered a sewer
  2452 | Sewer    | Reached skill level 8 in Long Blades
  2674 | Sewer    | Noticed a drowned soul
  2675 | Sewer    | Noticed a drowned soul
  2676 | Sewer    | Noticed a drowned soul
  2676 | Sewer    | Killed a drowned soul
  2677 | Sewer    | Noticed a drowned soul
  2678 | Sewer    | Noticed a drowned soul
  2679 | Sewer    | Noticed a drowned soul
  2679 | Sewer    | Killed a drowned soul
  2679 | Sewer    | Killed a drowned soul
  2680 | Sewer    | Killed a drowned soul
  2680 | Sewer    | Killed a drowned soul
  2681 | Sewer    | Noticed a drowned soul
  2681 | Sewer    | Killed a drowned soul
  2682 | Sewer    | Noticed a drowned soul
  2928 | D:4      | Noticed nago's ghost (average TrTm)
  2942 | D:4      | Killed nago's ghost
  2942 | D:4      | Reached skill level 9 in Long Blades
  2942 | D:4      | Reached XP level 7. HP: 57/57 MP: 6/6
  3010 | D:4      | Noticed Edmund
  3028 | D:4      | Killed Edmund
  3028 | D:4      | Reached skill level 10 in Long Blades
  3163 | D:4      | Noticed a centaur
  3172 | D:4      | Killed a centaur
  3318 | D:4      | Reached skill level 11 in Long Blades
  3559 | D:4      | Reached XP level 8. HP: 62/64 MP: 7/7
  3827 | D:5      | Entered Level 5 of the Dungeon
  3986 | D:5      | Found a staircase to the Ecumenical Temple.
  4105 | D:5      | Reached skill level 12 in Long Blades
  4115 | Temple   | Entered the Ecumenical Temple
  4268 | Temple   | Became a worshipper of Qazlal Stormbringer
  4916 | D:6      | Found a radiant altar of Vehumet.
  4917 | D:6      | Noticed Grinder
  4917 | D:6      | Paralysed by Grinder for 4 turns
  4939 | D:6      | Killed Grinder
  4939 | D:6      | Reached skill level 13 in Long Blades
  5303 | D:6      | Acquired Qazlal's first power
  5576 | D:6      | Noticed Blork the orc
  5586 | D:6      | Killed Blork the orc
  5586 | D:6      | Reached XP level 9. HP: 59/70 MP: 8/8
  5989 | D:6      | Noticed a hill giant
  5996 | D:6      | Killed a hill giant
  5996 | D:6      | Reached skill level 14 in Long Blades
  6534 | D:7      | Found a shattered altar of Ashenzari.
  6634 | D:7      | Found Toeraets's Book Boutique.
  6664 | D:7      | Reached skill level 15 in Long Blades
  6821 | D:7      | Noticed Prince Ribbit
  6842 | D:7      | Killed Prince Ribbit
  6917 | D:7      | Reached skill level 5 in Fighting
  6918 | D:7      | Reached skill level 5 in Armour
  7042 | D:7      | Acquired Qazlal's second power
  7075 | D:7      | Noticed Menkaure
  7079 | D:7      | Killed Menkaure
  7328 | D:8      | Reached XP level 10. HP: 83/83 MP: 9/9
  7380 | D:8      | Noticed Erolcha
  7390 | D:8      | Killed Erolcha
  7782 | D:8      | Found Atezaun's Gadget Shop.
  7922 | D:8      | Found a glowing silver altar of Zin.
  8405 | D:9      | You fall through a shaft!
  8405 | D:10     | Entered Level 10 of the Dungeon
  8474 | D:10     | Found a staircase to the Lair.
  8515 | D:9      | Acquired Qazlal's third power
  8555 | D:9      | Noticed Joseph
  8570 | D:9      | Killed Joseph
  8625 | D:9      | Noticed a cyclops
  8631 | D:9      | Killed a cyclops
  9039 | D:9      | Reached XP level 11. HP: 94/99 MP: 10/10
  9121 | D:9      | Reached skill level 10 in Fighting
  9355 | D:10     | Reached skill level 10 in Armour
  9584 | D:10     | Acquired Qazlal's fourth power
  9751 | D:10     | Noticed a hill giant
  9758 | D:10     | Killed a hill giant
  9890 | Lair:1   | Entered Level 1 of the Lair of Beasts
 11259 | Lair:2   | Acquired Qazlal's fifth power
 11266 | Lair:2   | Reached XP level 12. HP: 107/113 MP: 11/11
 11871 | Lair:3   | Noticed a five-headed hydra
 12029 | Lair:2   | Killed a ten-headed hydra
 12654 | Lair:4   | Reached skill level 1 in Invocations
 12664 | Lair:4   | Noticed a four-headed hydra
 12674 | Lair:4   | Killed a six-headed hydra
 12790 | Lair:4   | Reached skill level 5 in Invocations
 12842 | Lair:4   | Reached XP level 13. HP: 103/124 MP: 16/16
 12854 | Lair:4   | Noticed Harold
 12965 | Lair:4   | Killed Harold
 13068 | Lair:4   | Noticed a four-headed hydra
 13074 | Lair:4   | Killed a seven-headed hydra
 14057 | Lair:5   | Identified the Collected Works on the Dusty Frostbite
 14704 | Lair:5   | Reached skill level 10 in Invocations
 14875 | Lair:6   | Found a staircase to the Slime Pits.
 14919 | Lair:6   | Found a staircase to the Swamp.
 15109 | Lair:6   | Found a staircase to the Snake Pit.
 16604 | Lair:8   | Entered Level 8 of the Lair of Beasts
 16619 | Lair:8   | Reached XP level 14. HP: 130/132 MP: 22/22
 17727 | Lair:8   | Got an ebony triple sword
 17730 | Lair:8   | Identified the +7 triple sword of the Shining Light {elec, rF- rC+ Dex+2} (You found it on level 8 of the Lair of Beasts)
 18479 | D:11     | Found a staircase to the Orcish Mines.
 18993 | D:11     | Reached skill level 16 in Long Blades
 19365 | D:12     | Noticed Rupert
 19376 | D:12     | Killed Rupert
 20146 | Orc:1    | Entered Level 1 of the Orcish Mines
 20146 | Orc:1    | Found Poluon's Antique Weapon Emporium.
 20146 | Orc:1    | Found Eromyav's General Store.
 20151 | Orc:1    | Found Gothren's Jewellery Shop.
 20324 | Orc:2    | Found a roughly hewn altar of Beogh.
 20580 | Orc:1    | Found Xivel's Food Shoppe.
 20583 | Orc:1    | Noticed Snorg
 20585 | Orc:1    | Noticed Erica
 20591 | Orc:1    | HP: 5/132 [Snorg (8)]
 20598 | Orc:1    | Killed Snorg
 20601 | Orc:1    | Killed Erica
 20601 | Orc:1    | Reached skill level 17 in Long Blades
 20766 | Orc:1    | Found Wigh's Jewellery Shoppe.
 20890 | Orc:2    | Found a roughly hewn altar of Beogh.
 20893 | Orc:2    | Noticed an orc warlord
 20900 | Orc:2    | Killed an orc warlord
 20900 | Orc:2    | Reached XP level 15. HP: 88/138 MP: 24/24
 21280 | Orc:3    | Noticed Josephine
 21290 | Orc:3    | Killed Josephine
 21455 | Orc:3    | Found a roughly hewn altar of Beogh.
 22085 | Orc:4    | Entered Level 4 of the Orcish Mines
 22169 | Orc:4    | Found a staircase to the Elven Halls.
 22583 | Orc:4    | Found a roughly hewn altar of Beogh.
 22615 | Orc:4    | Found a roughly hewn altar of Beogh.
 22740 | Orc:4    | Found a roughly hewn altar of Beogh.
 22746 | Orc:4    | Found Muusk's Gadget Shop.
 22785 | Orc:4    | Noticed Saint Roka
 22893 | Orc:4    | Killed Saint Roka
 22893 | Orc:4    | Reached skill level 18 in Long Blades
 23051 | Orc:4    | Found Niesihy's Antique Armour Shop.
 23063 | Orc:4    | Found a roughly hewn altar of Beogh.
 23066 | Orc:4    | Found Ihara's Antique Weapon Boutique.
 23079 | Orc:4    | Bought a bloodstained triple sword for 480 gold pieces
 23366 | Orc:4    | Found a roughly hewn altar of Beogh.
 23375 | Orc:4    | Found Ecefi's Magic Scroll Emporium.
 23419 | Orc:4    | Identified the +10 triple sword "Minotaur's Foe" {flame, rF+ rN+ MR+ Str+3} (You bought it in a shop on level 4 of the Orcish Mines)
 23600 | Orc:1    | Bought a wand of heal wounds (6) for 780 gold pieces
 23615 | Orc:1    | Bought an uncursed ring of poison resistance for 340 gold pieces
 23665 | Orc:1    | Bought a cursed amulet of inaccuracy for 26 gold pieces
 23665 | Orc:1    | Bought the ring of Inuaf {rF+ Int+3 SInv Stlth+} for 477 gold pieces
 24181 | D:13     | Reached skill level 19 in Long Blades
 24901 | D:14     | Noticed Louise
 24914 | D:14     | Killed Louise
 25426 | D:14     | Reached skill level 20 in Long Blades
 25625 | D:14     | Found a gate to the Vaults.
 25733 | D:15     | Entered Level 15 of the Dungeon
 26152 | D:15     | Reached XP level 16. HP: 136/146 MP: 25/25
 26291 | D:15     | Found a staircase to the Depths.
 26626 | D:15     | Reached skill level 21 in Long Blades
 26668 | D:15     | Found a shadowy altar of Dithmenos.
 26991 | Elf:1    | Entered Level 1 of the Elven Halls
 26991 | Elf:1    | Found Hamausow's Food Boutique.
 27214 | Elf:1    | Killed from afar by a deep elf sorcerer

Vault maps used:
D:1:      erik_arrival_gehennom, minmay_misc_feat_square
D:3:      st_stairs_12, makhleb_heckhound_becter
D:4:      minmay_opposing_rooms, gup_sewer_entry_bubbles,
          minmay_misc_feat_tower, uniq_edmund
D:5:      minmay_temple_entry_glass, first_bread
D:6:      basic_altar, uniq_blork_the_orc, uniq_crazy_yiuf_cottage, uniq_grinder
D:7:      serial_shops, nicolae_shop_stone, grunt_livestock, st_stairs_8,
          nicolae_ashenzari_panopticon, uniq_prince_ribbit1, uniq_menkaure
D:8:      zin_scriptorium, serial_shops, shop, uniq_erolcha
D:9:      serial_column_ruins, uniq_joseph
D:10:     erik_lair_orcish_takeover
D:11:     zombieorc1_lemuel
D:12:     uniq_rupert
D:14:     david_vaults_5, st_stairs_2, minmay_misc_feat_nine_boxes,
          amethyst_killhole, uniq_louise
D:15:     gammafunk_enter_depths_forms, grunt_dithmenos_shadows
Temple:   kilobyte_greek_temple_18
Lair:3:   kennysheep_rathole, forest_entry_grove
Lair:4:   uniq_harold
Lair:5:   grunt_forest_large_clearings, serial_bayou_shore_a,
          infiniplex_staircase_pool_2
Lair:6:   minmay_swamp_entry_worms, guppyfry_snake_entry_garden, slime_dummy,
          minmay_lair_drake_nest, infiniplex_staircase_pool
Lair:8:   evilmike_catoblepas_cave
Orc:1:    serial_shops, nicolae_shop_statue_plus,
          nicolae_shop_scaring_up_business, shop, nicolae_shop_waterfront, shop,
          uniq_erica, uniq_snorg
Orc:2:    basic_altar, mines2_david
Orc:3:    nicolae_orc_pool_cavern, mines2_david, uniq_josephine
Orc:4:    grunt_orc_community_town_hall, grunt_orc_community_big_house_2,
          grunt_orc_community_big_house_2, grunt_orc_community_house_1,
          grunt_orc_community_house_1, grunt_orc_community_house_1,
          grunt_orc_community_house_1, grunt_orc_community_house_1,
          grunt_orc_community_house_3
Elf:1:    serial_shops, shop, shop, nicolae_shop_window_shopping,
          minmay_elf_annihilation, nrook_loot_triangle
Sewer:    sewer_sea

Action                   |  1- 3 |  4- 6 |  7- 9 | 10-12 | 13-15 | 16-18 || total
-------------------------+-------+-------+-------+-------+-------+-------++-------
Melee: Long sword        |   120 |   260 |    24 |       |       |       ||   404
       Falchion          |       |       |   297 |       |       |       ||   297
       Great sword       |       |       |    63 |   514 |   414 |       ||   991
       Triple sword      |       |       |       |       |   752 |    64 ||   816
Invok: Upheaval          |       |       |       |       |    10 |       ||    10
Evoke: Wand              |       |       |     2 |       |     9 |       ||    11
  Use: Potion            |       |     2 |       |     1 |     4 |       ||     7
       Scroll            |       |       |    17 |     4 |     6 |     1 ||    28
 Stab: Distracted        |       |     1 |       |       |       |       ||     1
  Eat: Chunk             |       |     7 |     9 |    21 |    56 |       ||    93
       Meat ration       |       |       |     1 |       |       |     1 ||     2
       Fruit             |       |       |       |     1 |       |       ||     1
       Pizza             |       |       |       |       |     1 |       ||     1
